 Dungeon Crawl Stone Soup version 0.20-a0-443-g0464b71 (webtiles) character file.

46 JDBehnke the Cutter (level 3, -1/27 HPs)
             Began as a Vampire Gladiator on Jan 6, 2017.
             Killed by nerve-wracking pain
             ... invoked by an orc priest
              (5 damage)
             ... on level 3 of the Dungeon.
             The game lasted 00:08:35 (560 turns).

JDBehnke the Cutter (Vampire Gladiator)              Turns: 560, Time: 00:08:36

Health: -1/27      AC:  8    Str: 14    XL:     3   Next: 44%
Magic:  3/3        EV: 13    Int: 10    God:
Gold:   9          SH:  6    Dex: 15    Spells: 2/2 levels left

rFire  . . .     SeeInvis +     v - +0 long sword
rCold  . . .     Gourm    .     o - +0 ring mail
rNeg   + . .     Faith    .     i - +2 buckler
rPois  .         Spirit   .     c - +0 helmet
rElec  .         Reflect  .     (no cloak)
rCorr  .         Harm     .     (no gloves)
MR     .....                    (no boots)
Stlth  +.........               (no amulet)
                                (no ring)
                                (no ring)

@: no status effects
A: fangs 3, repulsion field 1, rugged brown scales 1, see invisible, shaggy fur
1, unbreathing
a: Bat Form


You were on level 3 of the Dungeon.
You were not thirsty.

You visited 1 branch of the dungeon, and saw 4 of its levels.

You collected 9 gold pieces.

Inventory:

Hand Weapons
 a - a +0 rapier {Name}
 f - a +0 mace
 h - a +0 mace
 l - a +0 club
 m - a +0 club
 p - a +0 hand axe
 q - a +0 club
 u - a +0 club
 v - a +0 long sword (weapon)
Missiles
 d - 3 throwing nets (quivered)
 w - 13 stones
Armour
 b - a +0 leather armour
 c - a +0 helmet (worn)
 g - a +0 leather armour
 i - a +2 buckler (worn)
 j - a +0 leather armour
 o - a +0 ring mail (worn)
 r - a +0 ring mail
Jewellery
 t - an uncursed ring of protection from magic {unknown}
Scrolls
 k - a scroll of blinking {unknown}
Potions
 e - 8 potions of blood
 n - a potion of heal wounds {unknown}
 s - a potion of brilliance {unknown}


   Skills:
 + Level 2.1 Fighting
 + Level 4.1 Short Blades
 + Level 1.5 Throwing
 + Level 0.4 Armour
 + Level 3.7 Dodging
 + Level 0.5 Shields


You had 2 spell levels left.
You didn't know any spells.

Dungeon Overview and Level Annotations

Branches:
Dungeon (4/15)
 Temple: D:4-7

Altars:


Innate Abilities, Weirdness & Mutations

You have razor-sharp teeth.
You have supernaturally acute eyesight. (SInv)
You can survive without breathing.
You are surrounded by a mild repulsion field. (EV +2)
You are partially covered in rugged brown scales. (AC +1, +3% HP)
You are covered in fur. (AC +1)


Message History

You closely miss the orc priest.
The orc priest is severely wounded.
The orc priest hits you but does no damage. x2
You hit the orc priest.
You kill the orc priest!
Your Short Blades skill increases to level 4!
You have reached level 3!
Your experience leads to an increase in your attributes!
Increase (S)trength, (I)ntelligence, or (D)exterity?
You feel stronger.
You can now transform into a vampire bat.
The orc priest mumbles some strange prayers to Beogh against you.
Beogh smites you!
* * * LOW HITPOINT WARNING * * *
The orc priest hits you but does no damage.
Unknown command.
Yummy - fresh blood!
The orc priest invokes the aid of Beogh against you.
Pain shoots through your body!
You die...

........###.####
........# #)#
........###.#
##########..####...
#####.รท.......#
#........#######
#.....##........
#.>....o.#######
#.....@).#
#......###
......### ..#....#
###....# #....#
....... ###.


You could see an orc priest.

Vanquished Creatures
  An orc priest (D:3)
  A leopard gecko (D:3)
  2 orcs (D:3)
  2 bats (D:3)
  A goblin (D:2)
  5 hobgoblins
  2 frilled lizards (D:2)
  2 rats
16 creatures vanquished.

Notes
Turn   | Place    | Note
-------+----------+-------------------------------------------
     0 | D:1      | JDBehnke the Vampire Gladiator began the quest for the Orb.
     0 | D:1      | Reached XP level 1. HP: 16/16 MP: 1/1
   239 | D:2      | Gained mutation: You are partially covered in rugged brown scales. (AC +1, +3% HP) [potion of mutation]
   239 | D:2      | Gained mutation: You are surrounded by a mild repulsion field. (EV +2) [potion of mutation]
   239 | D:2      | Gained mutation: You are covered in fur. (AC +1) [potion of mutation]
   314 | D:2      | Reached XP level 2. HP: 22/22 MP: 2/2
   559 | D:3      | Reached skill level 4 in Short Blades
   559 | D:3      | Reached XP level 3. HP: 16/27 MP: 3/3
   560 | D:3      | Killed from afar by an orc priest

Vault maps used:
D:1:      elethiomel_arrival_shortcut, corexii_item_surrounded_by_moat,
          hangedman_decor_points
D:2:      tgw_kikubaaqudgha
D:3:      first_bread, serial_glass, glass_columns_a, glass_columns_c,
          due_unseen_surprise
D:4:      lemuel_zombie_altar_yredelemnul

Skill      XL: |  1  2 |
---------------+-------+-----
Fighting       | 2 |  2.1
Short Blades   | 4 |  4.1
Throwing       | |  1.5
Armour         | |  0.4
Dodging        | |  3.7
Shields        | |  0.5

Action                   || total
-------------------------++-------
Melee: Rapier            ||    21
       Long sword        ||    12
       Bite              ||     2
  Use: Potion            ||     2
Armor: Ring mail         ||    14
Dodge: Dodged            ||    31
Block: Buckler           ||    12
       Rpst.: Long sword ||     7
